 Dungeon Crawl Stone Soup version 0.31-a0-1074-g0b22e4e0f1 (webtiles) character file.

Game seed: 15450966783179052261

64953 Arex the Frost Mage (level 14, -8/187 HPs)
             Began as a Green Draconian Ice Elementalist on Nov 27, 2023.
             Was an Initiate of Gozag.
             Killed from afar by a thorn hunter (19 damage)
             ... with a volley of thorns
             ... on level 2 of the Lair of Beasts.
             The game lasted 01:19:57 (28372 turns).

Arex the Frost Mage (DrIE)                         Turns: 28372, Time: 01:19:58

Health: -8/187     AC: 37    Str: 10    XL:     14   Next: 73%
Magic:  26/26      EV:  2    Int: 25    God:    Gozag
Gold:   2086       SH:  0    Dex: 14    Spells: 13/29 levels left

rFire   + . .        G - +7 scimitar (flame)
rCold   + . .        (no shield)
rNeg    . . .        (body armour unavailable)
rPois   +            i - melded +2 hat
rElec   +            n - melded +2 cloak {Stlth+}
rCorr   +            c - melded +2 pair of gloves
SInv    .            (boots currently unavailable)
Will    +....        F - amulet of magic regeneration
Stlth   ++           f - +5 ring of evasion
HPRegen 0.51/turn    m - +6 ring of intelligence
MPRegen 0.60/turn

%: no passive effects
@: mighty, ice-armoured, tree-form, resistant, studying Staves
A: stationary, stasis, torment immunity, boosted hp, (breathe noxious fumes), AC
+8, unfitting armour, (stinger 1), (poison resistance), (cold-blooded)
a: End Transformation, Renounce Religion, Potion Petition, Call Merchant, Bribe
Branch


You were on level 2 of the Lair of Beasts.
You worshipped Gozag.
Gozag was most pleased with you.
You were a tree.
You visited 4 branches of the dungeon, and saw 20 of its levels.
You also visited: Gauntlet.

You collected 6880 gold pieces.
You spent 1168 gold pieces at shops.
You paid 3626 gold pieces to Gozag.

Inventory:

Hand Weapons
 G - a +7 scimitar of flaming (weapon)
Armour
 c - a +2 pair of gloves (melded)
 i - a +2 hat (melded)
 n - a +2 cloak of stealth (melded)
Magical Staves
 w - a staff of cold
Jewellery
 f - a +5 ring of evasion (left branch)
 j - a ring of positive energy
 m - a +6 ring of intelligence (right branch)
 p - a ring of fire
 F - an amulet of magic regeneration (around neck)
 N - a ring of see invisible
 R - the ring "Hounk" {rElec EV+5 Dex+5}
   (You found it on level 11 of the Dungeon)

   [ring of evasion]

   EV+5:      It affects your evasion (+5).
   Dex+5:     It affects your dexterity (+5).
   rElec:     It insulates you from electricity.
Wands
 b - a wand of charming (29)
 t - a wand of polymorph (7)
 D - a wand of roots (10)
 J - a wand of light (1)
 O - a wand of digging (7)
Scrolls
 d - 5 scrolls of noise
 e - 2 scrolls of blinking
 g - 3 scrolls of vulnerability
 k - 9 scrolls of teleportation
 q - 2 scrolls of silence
 r - 2 scrolls of enchant armour
 u - a scroll of fear
 y - a scroll of brand weapon
 A - 2 scrolls of immolation
 B - 5 scrolls of fog
 E - a scroll of butterflies
 L - 2 scrolls of poison
 Q - 2 scrolls of revelation
 T - a scroll of enchant weapon
Potions
 a - a potion of magic
 h - 2 potions of haste
 l - a potion of lignification
 o - 3 potions of cancellation
 s - 4 potions of brilliance
 v - 8 potions of curing
 x - 2 potions of might
 z - 2 potions of attraction
 C - 2 potions of enlightenment
 H - 2 potions of mutation
 I - 3 potions of invisibility
 K - 9 potions of degeneration
 M - a potion of resistance
 P - a potion of berserk rage
 S - a potion of ambrosia


   Skills:
 - Level 11.9 Fighting
 + Level 12.4 Dodging
 - Level 2.1 Stealth
 * Level 8.0 Spellcasting
 - Level 6.4 Conjurations
 - Level 8.5 Summonings
 + Level 13.8 Ice Magic
 - Level 6.4 Air Magic
 - Level 3.8 Evocations


You had 13 spell levels left.
You knew the following spells:

 Your Spells              Type           Power      Damage    Failure   Level
a - Freeze                Ice            100%       1d10      1%          1
b - Frozen Ramparts       Ice            100%       1d16      1%          3
c - Summon Ice Beast      Ice/Summ       60%        N/A       1%          4
d - Freezing Cloud        Conj/Ice/Air   26%        6-21      4%          5
e - Ozocubu's Armour      Ice            68%        N/A       1%          3

Your spell library contained the following spells:

 Spells                   Type           Power      Damage    Failure   Level
 Magic Dart               Conj           100%       1d8       1%          1
 Summon Small Mammal      Summ           100%       N/A       1%          1
 Searing Ray              Conj           84%        2d7       1%          2
 Dazzling Flash           Conj/Hex       52%        N/A       4%          3
 Apportation              Tloc           20%        N/A       6%          1
 Necrotise                Necr           40%        1d6       6%          1
 Metabolic Englaciation   Hex/Ice        22%        N/A       10%         5
 Iskenderun's Battlesphe  Conj           42%        2d9       12%         5
 Brom's Barrelling Bould  Conj/Erth      26%        2d5       16%         4
 Fulminant Prism          Conj/Hex       13%        3d9       16%         4
 Inner Flame              Hex/Fire       10%        N/A       19%         3
 Sigil of Binding         Hex            10%        N/A       19%         3
 Vampiric Draining        Necr           10%        2d6       19%         3
 Fireball                 Conj/Fire      13%        3d7       41%         5
 Silence                  Hex/Air        13%        N/A       41%         5
 Leda's Liquefaction      Hex/Erth       5%         N/A       52%         4
 Conjure Ball Lightning   Conj/Air       21%        3x3d6     56%         6
 Agony                    Necr           10%        N/A       86%         5
 Lee's Rapid Deconstruct  Erth           5%         3d6*      86%         5
 Bombard                  Conj/Erth      13%        9d3       94%         6
 Orb of Destruction       Conj           21%        9d8       98%         7
 Polar Vortex             Ice            34%        12d4*     100%        9
 Simulacrum               Ice/Necr       Unusable   N/A       N/A         6

Dungeon Overview and Level Annotations

Branches:
Dungeon (12/15)            Temple (0/1) D:6            Lair (5/5) D:10
  Swamp (1/4) Lair:2        Snake (0/4) Lair:2        Slime (0/5) Lair:5
    Orc (2/2) D:11            Elf (0/3) Orc:2       Gauntlet (visited)

Altars:
Gozag
Kikubaaqudgha
Sif Muna
Yredelemnul
The Shining One

Shops:
D:4 :   D:7 *(=   Orc:2 =:(?*[[   Lair:2 ?   Lair:4 [

Annotations:
D:6 3 runed translucent doors, Swimmer's ghost, novice MiFi; XomNomNom's ghost, weakling GnDe


Innate Abilities, Weirdness & Mutations

You are a tree.
Your roots penetrate the ground, keeping you stationary.
You cannot be teleported.
You are immune to unholy pain and torment.
Your maximum health is greatly increased.
Your equipment is partially melded.
((You can breathe blasts of noxious fumes.))
((Your lurid green scales are hard. (AC +8)))
You cannot fit into any form of body armour.
((Your tail ends in a venomous barb.))
((Your system is resistant to poisons. (rPois)))
((You are cold-blooded and may be slowed by cold attacks.))


Message History

[b] - 460 gold - haste and resistance [c] - 357 gold - lignification, might and resistance Purchase which effect?
You turn into a tree.
Your +2 cloak of stealth melds into your body.
Your +2 hat melds into your body.
Your +2 pair of gloves melds into your body.
You feel less stealthy.
Your roots penetrate the ground.
You feel very mighty all of a sudden.
You feel protected.
Your ice beast barely misses the thorn hunter.
The thorn hunter hits you but does no damage.
The thorn hunter barely misses you.
You completely miss the thorn hunter.
The thorn hunter is heavily damaged.
The thorn hunter hits you but does no damage. x2
Your ice beast completely misses the thorn hunter.
The thorn hunter hits you but does no damage. x2
Your ice beast hits the thorn hunter but does no damage.
Unknown command.
You hit the thorn hunter. You burn the thorn hunter.
The thorn hunter is severely damaged.
The thorn hunter fires a volley of thorns at you.
The volley of thorns hits you!
* * * LOW HITPOINT WARNING * * *
Your ice beast hits the thorn hunter but does no damage.
Unknown command.
You barely miss the thorn hunter.
The thorn hunter is severely damaged.
The thorn hunter hits you but does no damage.
The thorn hunter hits you.
* * * LOW HITPOINT WARNING * * *
Your ice beast closely misses the thorn hunter.
The thorn hunter fires a volley of thorns at you.
The volley of thorns hits you but does no damage.
You slash the thorn hunter! You burn the thorn hunter.
The thorn hunter is almost destroyed.
The thorn hunter fires a volley of thorns at you.
The volley of thorns hits you!!
You die...
Your body crumbles into a pile of gold.

##.∩.######.###.P#
#.......###.##..P#
.#..............##
...(...[♣♣♣♣♣♣♣♣♣♣
..[....♣[...♣♣...♣
.......♣♣..♣.♣♣..♣
....##.♣♣.......Y♣
.....##♣♣.♣.♣..♣f♣
....## ♣.♣....♣§♣♣
#...# ♣...♣.♣.§§♣
....# ♣..♣♣♣..§♣♣
#...##♣♣.♣..♣.♣♣♣
P...'..♣♣......♣
....###♣♣♣♣♣♣♣♣♣♣
....## ♣..#
#....###### ##..#
#...#.#.#.###...##


You could see a thorn hunter (ally target) and a friendly ice beast (summoned).

Vanquished Creatures
  2 orc warlords
  A minotaur (Gauntlet)
  A ghost crab (Gauntlet)
  5 hydras
  A centaur warrior (D:12)
  Erica (D:8)
  2 boulder beetles
  2 death yaks (Lair:4)
  4 two-headed ogres
  2 orc high priests (Orc:2)
  6 skeletal warriors
  A skyshark (Lair:4)
  The ghost of pigah the Martial Artist, a novice OpSh of Gozag (D:8)
  2 spriggan druids (Lair:2)
  3 deep elf zephyrmancers (Orc:1)
  2 deep elf pyromancers (Orc:1)
  3 orc sorcerers (Orc:2)
  5 orc knights (Orc:2)
  2 elephants
  2 ugly things (D:12)
  2 cyclopes (D:12)
  2 black mambas
  3 gargoyles
  2 torpor snails
  9 cane toads
  Psyche (D:9)
  2 komodo dragons
  An unseen horror (D:12)
  3 rime drakes
  A tengu conjurer (D:12)
  5 polar bears
  4 trolls
  9 blink frogs
  Prince Ribbit (D:8)
  2 tyrant leeches
  A slime creature (D:12)
  30 yaks
  4 wyverns
  A fire bat (Gauntlet)
  2 wraiths
  4 basilisks
  A steam dragon (D:9)
  2 vampire mosquitoes (D:12)
  2 wargs
  An acid dragon (D:12)
  4 water moccasins
  29 orc warriors
  A swamp drake (D:11)
  A sky beast (D:7)
  2 black bears
  6 ogres
  11 wolves
  12 centaurs
  A phantom (D:5)
  2 kobold brigands
  14 bullfrogs
  2 scorpions
  5 wights
  15 killer bees
  An electric eel (D:9)
  3 howler monkeys
  A lava snake (D:9)
  A hound (D:4)
  18 orc priests
  4 jellies
  A sleepcap (D:6)
  Terence (D:2)
  6 iguanas
  31 orc wizards
  Ijyb (D:4)
  4 gnolls (D:5)
  7 adders
  4 white imps
  6 ufetubi
  3 dart slugs
  70 orcs
  3 endoplasms
  5 goblins
  7 hobgoblins
  2 jackals (D:4)
  20 kobolds
  3 quokkas
  4 ball pythons
  5 bats
  5 frilled lizards
  4 rats
468 creatures vanquished.

Vanquished Creatures (collateral kills)
  A hydra (Lair:2)
  3 two-headed ogres
  2 orc high priests (Orc:2)
  2 skeletal warriors (D:12)
  3 deep elf pyromancers (Orc:1)
  A deep elf zephyrmancer (Orc:1)
  2 elephants (Lair:5)
  A cane toad (Lair:5)
  A komodo dragon (Lair:5)
  A queen bee (Gauntlet)
  A polar bear (Lair:5)
  5 blink frogs
  8 yaks
  A water moccasin (Lair:2)
  5 orc warriors (Orc:2)
  3 ice beasts
  A wolf (Lair:2)
  An ogre (D:5)
  2 centaurs
  2 wights
  A killer bee (Gauntlet)
  2 howler monkeys
  5 orc priests
  5 orc wizards
  2 white imps
  14 orcs
75 creatures vanquished.

Vanquished Creatures (others)
  A hound (D:5)
  An orc wizard (Orc:2)
2 creatures vanquished.

Grand Total: 545 creatures vanquished

Notes
Turn   | Place    | Note
-------+----------+-------------------------------------------
     0 | D:1      | Arex the Draconian Ice Elementalist began the quest for the
                  | Orb.
     0 | D:1      | Reached XP level 1. HP: 14/14 MP: 3/3
   427 | D:1      | Reached XP level 2. HP: 20/22 MP: 1/5
   861 | D:2      | Found a faded altar of an unknown god.
   896 | D:2      | Noticed Terence
  1338 | D:2      | Killed Terence
  1339 | D:2      | Reached skill level 1 in Fighting
  1339 | D:2      | Reached XP level 3. HP: 28/28 MP: 2/6
  1344 | D:2      | Learned a level 3 spell: Frozen Ramparts
  1992 | D:3      | You fall into a shaft and drop 2 floors!
  1992 | D:5      | Entered Level 5 of the Dungeon
  2055 | D:4      | Reached XP level 4. HP: 36/36 MP: 3/7
  2720 | D:4      | Found Hayqu's Tremendous Tomes.
  2784 | D:4      | Reached XP level 5. HP: 38/42 MP: 8/8
  2813 | D:4      | Noticed Ijyb
  2834 | D:4      | Killed Ijyb
  2913 | D:3      | Learned a level 4 spell: Summon Ice Beast
  3156 | D:3      | Found a basalt altar of Yredelemnul.
  3349 | D:3      | Reached skill level 5 in Ice Magic
  3395 | D:3      | Found an opulent altar of Gozag.
  3470 | D:3      | Became a worshipper of Gozag Ym Sagoz the Greedy
  3523 | D:3      | Identified the +2 leather armour of Ru's Supremacy {rPois}
  4349 | D:4      | Reached skill level 1 in Summonings
  4411 | D:5      | Reached XP level 6. HP: 51/51 MP: 5/9
  4754 | D:5      | Your scales start taking on a lurid green colour.
  4754 | D:5      | Reached XP level 7. HP: 9/58 MP: 3/10
  4754 | D:5      | Gained mutation: Your system is resistant to poisons.
                  | (rPois) [Green Draconian growth]
  5786 | D:6      | Identified a scroll of acquirement
  5787 | D:6      | Acquired a staff of cold
  5846 | D:6      | Reached skill level 6 in Ice Magic
  5846 | D:6      | Reached XP level 8. HP: 30/67 MP: 3/11
  6205 | D:6      | Found a staircase to the Ecumenical Temple.
  6315 | D:6      | Reached skill level 5 in Fighting
  6315 | D:6      | Reached skill level 5 in Summonings
  6330 | D:6      | Noticed a two-headed ogre
  6341 | D:6      | Killed a two-headed ogre
  6342 | D:6      | Reached skill level 5 in Dodging
  6739 | D:6      | Found a runed translucent gate.
  6740 | D:6      | Found a runed translucent gate.
  6741 | D:6      | Found a runed translucent gate.
  6742 | D:6      | Noticed Swimmer's ghost (novice MiFi)
  6742 | D:6      | Noticed XomNomNom's ghost (weakling GnDe)
  6744 | D:6      | Found the +10 Black Knight's barding {ponderous, rPois rN+}
  6828 | D:6      | Reached XP level 9. HP: 63/75 MP: 14/14
  6916 | D:6      | Noticed a two-headed ogre
  6927 | D:6      | Killed a two-headed ogre
  6928 | D:6      | Reached skill level 1 in Evocations
  7197 | D:7      | Found an ancient bone altar of Kikubaaqudgha.
  7197 | D:7      | Found Zoedgheyf's Jewellery Boutique.
  7244 | D:7      | Reached skill level 7 in Ice Magic
  7594 | D:7      | Found Lepluz's General Store.
  7602 | D:7      | Bought a scroll of identify for 32 gold pieces
  7602 | D:7      | Bought a scroll of poison for 64 gold pieces
  7835 | D:7      | Identified the +6 rapier of Might {heavy, Int-4 Dex+3 SInv}
  7968 | D:7      | Found Wanutiza's Weapon Boutique.
  8111 | D:7      | Found a shimmering blue altar of Sif Muna.
  8598 | D:8      | Reached XP level 10. HP: 79/84 MP: 11/15
  8774 | D:4      | Bought the Handbook of Hail and Malediction for 780 gold
                  | pieces
  9007 | D:8      | Found a runed translucent gate.
  9008 | D:8      | Found a runed translucent gate.
  9009 | D:8      | Found a runed translucent gate.
  9009 | D:8      | Noticed pigah's ghost (novice OpSh)
  9502 | D:8      | Noticed Erica
  9519 | D:8      | Killed Erica
  9787 | D:8      | Noticed Prince Ribbit
  9899 | D:8      | Killed Prince Ribbit
 10016 | D:9      | Found a glowing golden altar of the Shining One.
 10092 | D:9      | Reached skill level 8 in Ice Magic
 11139 | D:10     | Entered Level 10 of the Dungeon
 11180 | D:10     | Found a staircase to the Lair.
 11180 | D:10     | Noticed an elephant
 11187 | D:10     | Reached skill level 9 in Ice Magic
 11199 | D:10     | Killed an elephant
 11275 | D:10     | Noticed a two-headed ogre
 11286 | D:10     | Killed a two-headed ogre
 11287 | D:10     | Reached XP level 11. HP: 91/92 MP: 12/18
 11424 | D:10     | Reached skill level 5 in Spellcasting
 11933 | D:10     | Noticed Psyche
 11934 | D:10     | Noticed a two-headed ogre
 11961 | D:9      | Killed Psyche
 12147 | D:10     | Killed a two-headed ogre
 12455 | D:8      | Reached skill level 10 in Ice Magic
 12467 | D:8      | Killed pigah's ghost
 12999 | Lair:1   | Entered Level 1 of the Lair of Beasts
 13006 | Lair:1   | Learned a level 5 spell: Freezing Cloud
 13131 | Lair:1   | Reached skill level 1 in Conjurations
 13131 | Lair:1   | Reached skill level 1 in Air Magic
 13964 | Lair:2   | Noticed an eight-headed hydra
 14234 | Lair:2   | Killed a seven-headed hydra
 14235 | Lair:2   | Reached skill level 5 in Conjurations
 14235 | Lair:2   | Reached skill level 5 in Air Magic
 14235 | Lair:2   | Reached XP level 12. HP: 64/100 MP: 16/20
 14572 | Lair:2   | Found a staircase to the Snake Pit.
 14775 | Lair:2   | Noticed a six-headed hydra
 14783 | Lair:2   | Killed a six-headed hydra
 14827 | Lair:2   | Found a staircase to the Swamp.
 15156 | Lair:3   | Noticed an eight-headed hydra
 15162 | Lair:3   | Killed a six-headed hydra
 15571 | Lair:3   | Noticed a boulder beetle
 15596 | Lair:3   | Killed a boulder beetle
 15834 | Lair:3   | Noticed a five-headed hydra
 15841 | Lair:3   | Killed a three-headed hydra
 15842 | Lair:3   | Reached skill level 11 in Ice Magic
 16311 | Lair:4   | Noticed a death yak
 16321 | Lair:4   | Killed a death yak
 16662 | Lair:4   | Reached skill level 10 in Dodging
 16718 | Lair:4   | Noticed a death yak
 16724 | Lair:4   | Reached XP level 13. HP: 95/111 MP: 17/21
 17069 | Lair:4   | Acquired 814 gold pieces
 17311 | Lair:4   | Identified the +1 helmet of the Kangaroo {rC+ Will+ rCorr}
 18051 | Lair:5   | Entered Level 5 of the Lair of Beasts
 18124 | Lair:5   | Found an opulent altar of Gozag.
 18162 | Lair:5   | Found a staircase to the Slime Pits.
 18926 | Lair:5   | Learned a level 3 spell: Ozocubu's Armour
 18931 | Lair:5   | Reached skill level 10 in Fighting
 19172 | Lair:5   | Reached skill level 12 in Ice Magic
 19843 | D:11     | Found a gate leading to a gauntlet.
 19852 | Gauntlet | Entered a Gauntlet
 19852 | Gauntlet | Found a transporter.
 19852 | Gauntlet | Found a transporter.
 19852 | Gauntlet | Found a runed translucent door.
 19852 | Gauntlet | Found a runed translucent door.
 19857 | Gauntlet | Found a runed translucent gate.
 19858 | Gauntlet | Found a transporter.
 19858 | Gauntlet | Found a runed translucent gate.
 19863 | Gauntlet | Found a runed translucent gate.
 19870 | Gauntlet | Found a transporter.
 19888 | Gauntlet | Found a transporter.
 19888 | Gauntlet | Found a transporter.
 19888 | Gauntlet | Found a transporter.
 19890 | Gauntlet | Found a transporter.
 19890 | Gauntlet | Found a transporter.
 19905 | Gauntlet | Found a transporter.
 19918 | Gauntlet | Found a transporter.
 19928 | Gauntlet | Found a transporter.
 19942 | Gauntlet | Found a transporter.
 19976 | Gauntlet | Found a transporter.
 20452 | Gauntlet | Identified the +2 battleaxe of the Big Fish {elec, Fragile
                  | rF- rCorr Dex+10}
 20452 | Gauntlet | Noticed a minotaur
 20465 | Gauntlet | Killed a minotaur
 20474 | Gauntlet | Identified the ring "Emmayr" {MP+9 Int+4}
 20679 | D:11     | Identified the ring "Hounk" {rElec EV+5 Dex+5}
 20866 | D:11     | Found a staircase to the Orcish Mines.
 21485 | Orc:1    | Entered Level 1 of the Orcish Mines
 21925 | Orc:1    | You fall into a shaft and drop 1 floor!
 21925 | Orc:2    | Entered Level 2 of the Orcish Mines
 21925 | Orc:2    | Found Zomecwu's Antique Armour Shop.
 22516 | Orc:2    | Found a staircase to the Elven Halls.
 22519 | Orc:2    | Noticed an orc warlord
 22543 | Orc:2    | Killed an orc warlord
 23104 | Orc:2    | Gained mutation: Your tail ends in a venomous barb. [Green
                  | Draconian growth]
 23104 | Orc:2    | Reached XP level 14. HP: 122/124 MP: 17/22
 23108 | Orc:2    | Noticed an orc warlord
 23284 | Orc:2    | Reached skill level 13 in Ice Magic
 24567 | Orc:1    | Killed an orc warlord
 25105 | Orc:2    | Found Eva Ixiunirph's Antique Armour Boutique.
 25106 | Orc:2    | Found Nivuunuf's Antique Weapon Boutique.
 25108 | Orc:2    | Found Mefi Ino's General Store.
 25108 | Orc:2    | Found Votuat's Book Shop.
 25350 | Orc:2    | Bought a scroll of identify for 38 gold pieces
 25350 | Orc:2    | Bought a scroll of identify for 38 gold pieces
 25354 | Orc:2    | Bought a scroll of identify for 38 gold pieces
 25354 | Orc:2    | Bought a scroll of identify for 38 gold pieces
 25354 | Orc:2    | Bought a scroll of identify for 38 gold pieces
 28072 | Swamp:1  | Entered Level 1 of the Swamp
 28310 | Lair:2   | Bought a scroll of teleportation for 51 gold pieces
 28310 | Lair:2   | Bought a scroll of teleportation for 51 gold pieces
 28349 | Swamp:1  | Noticed a thorn hunter
 28372 | Lair:2   | Killed from afar by a thorn hunter

Illustrated notes

Levels and vault maps discovered:
D:1:      dpeg_arrival_fog, layout_loops_ring
D:2:      layout_basic, serial_forest, infiniplex_forest_lined_room_3,
          infiniplex_forest_lined_3, infiniplex_forest_lined_corner,
          infiniplex_forest_lined_room_3, infiniplex_forest_straight_3,
          infiniplex_forest_lined_1, infiniplex_forest_clump_double,
          infiniplex_forest_end_2, nicolae_ecumenical_pavilion, uniq_terence
D:3:      layout_loops_ring, mainiacjoe_overflow_paths,
          mainiacjoe_overflow_brackets, roderic_roman_lattice,
          minmay_tree_intersection, hangedman_abyss_or_decor_lesser_grid
D:4:      layout_basic, nicolae_shop_i_like_big_books, uniq_ijyb
D:5:      layout_rooms
D:6:      layout_loops_ring, minmay_temple_entry_enclosed_plants,
          gammafunk_ghost_cemetery, gup_sewer_entry_glass, minmay_manual_mess
D:7:      layout_basic, mainiacjoe_overflow_tiny_flanked, kennysheep_mini,
          serial_shops, shop, nicolae_shop_trees, nicolae_shop_trees
D:8:      layout_basic, biasface_ghost_orc_armoury, uniq_prince_ribbit1,
          uniq_erica
D:9:      layout_basic, mainiacjoe_overflow_boulevard, kennysheep_path_1
D:10:     layout_long_grid, david_lair_generic, minmay_fractal_squares_5,
          uniq_psyche
D:11:     layout_basic, erik_orc_1, gauntlet_entry_generic
D:12:     layout_irregular_city, kennysheep_kite_vault
Lair:1:   layout_misc_corridors
Lair:2:   layout_regular_city, mainiacjoe_swamp_entry_angry_trees,
          dummy_snake_entry, lemuel_fruit_tree
Lair:3:   layout_loops_ring, chequers_serial_rivers_room_b
Lair:4:   layout_cave_pods, cheibrodos_lair_lostbears
Lair:5:   grunt_lair_end_beastmaster, layout_loops_ring,
          nicolae_slime_entry_field_trip, basic_altar
Swamp:1:  layout_basic_swamp, evilmike_swamp_ruin_house_6,
          nicolae_swamp_orc_logging_accident, nicolae_swamp_decorative_isthmus
Orc:1:    layout_diamond_mine, elves_outpost_lemuel
Orc:2:    st_orc_congregation, layout_caves, serial_shops, shop, basic_altar,
          minmay_orc_keep

Skill      XL: |  1  2  3  4  5  6  7  8  9 10 11 12 13 14 |
---------------+-------------------------------------------+-----
Stealth        | 2 |  2.1
Dodging        | 2 3 4 5 6 7 8 10 11 12 | 12.4
Fighting       | 1 2 3 4 5 6 7 9 11 | 11.9
Ice Magic      | 5 6 7 9 10 11 12 13 | 13.8
Summonings     | 1 2 4 6 7 8 |  8.5
Spellcasting   | 3 4 5 8 |  8.0
Evocations     | 3 |  3.8
Conjurations   | 5 6 |  6.4
Air Magic      | 5 6 |  6.4

Action                     |  1- 3 |  4- 6 |  7- 9 | 10-12 | 13-15 || total
---------------------------+-------+-------+-------+-------+-------++-------
  Melee: Short sword       |    36 |   121 |    41 |       |       ||   198
         Tailslap          |     5 |    18 |    37 |    60 |    90 ||   210
         Unarmed           |     1 |       |       |       |       ||     1
         Staff             |       |       |   176 |   299 |   264 ||   739
         Punch             |       |       |     7 |     6 |    12 ||    25
         Scimitar          |       |       |       |    36 |   226 ||   262
   Cast: Freeze            |    26 |    11 |    18 |    22 |    15 ||    92
         Frozen Ramparts   |     7 |    20 |    20 |    64 |    82 ||   193
         Summon Ice Beast  |       |     1 |    11 |    23 |    47 ||    82
         Freezing Cloud    |       |       |       |     1 |    32 ||    33
         Ozocubu's Armour  |       |       |       |       |    36 ||    36
 Invoke: Call Merchant     |       |       |       |       |     4 ||     4
         Potion Petition   |       |       |       |       |     1 ||     1
Ability: Breathe Noxious F |       |       |     4 |     4 |    13 ||    21
  Evoke: Wand              |       |     2 |     4 |    18 |    23 ||    47
    Use: Scroll            |     5 |     4 |     5 |    14 |    14 ||    42
         Potion            |       |     1 |       |     1 |     3 ||     5
   Stab: Sleeping          |     2 |     4 |       |       |     1 ||     7
         Confused          |       |       |     1 |       |     1 ||     2
         Distracted        |       |       |       |     2 |     6 ||     8
 Armour: Skin              |    20 |    54 |    90 |   262 |   434 ||   860
  Dodge: Dodged            |    48 |   108 |   225 |   402 |   716 ||  1499

Table legend: (Time is in decaauts)
 A = Elapsed time spent in this place.
 B = Non-inter-level travel time spent in this place.
 C = Inter-level travel time spent in this place.
 D = Time resting spent in this place.
 E = Time spent auto-exploring this place.
 F = Levels seen in this place.
 G = Mean time per level.
                   A        B        C        D        E       F      G
               +--------+--------+--------+--------+--------+-----+--------+
         Total |  28684 |  26332 |   2352 |   6689 |  14638 |  21 | 1365.9 |
       Dungeon |  16945 |  15542 |   1403 |   3241 |   9656 |  12 | 1412.1 |
          Lair |   6987 |   6526 |    461 |   1912 |   3448 |   5 | 1397.4 |
         Swamp |     55 |     55 |      0 |      3 |      4 |   1 |   55.0 |
  Orcish Mines |   3960 |   3473 |    487 |   1165 |   1364 |   2 | 1980.0 |
      Gauntlet |    735 |    735 |      0 |    368 |    165 |   1 |  735.0 |
               +--------+--------+--------+--------+--------+-----+--------+

Top non-repeatable levels by time:
    D:11: 2401 daAuts
   Orc:1: 2182 daAuts
     D:8: 2096 daAuts
     D:4: 1984 daAuts
  Lair:2: 1786 daAuts
   Orc:2: 1778 daAuts
  Lair:4: 1587 daAuts
     D:6: 1495 daAuts
  Lair:5: 1460 daAuts
    D:12: 1400 daAuts
     D:9: 1384 daAuts
  Lair:3: 1374 daAuts
     D:7: 1201 daAuts
    D:10: 1110 daAuts
     D:3: 1102 daAuts
